 Dungeon Crawl Stone Soup version 0.19.0-11-g3fc08b3 (webtiles) character file.

52 HungrySpirit the Poker (level 3, 0/23 HPs)
             Began as a Tengu Abyssal Knight on Nov 9, 2016.
             Was a Follower of Lugonu.
             Succumbed to an adder's poison
             ... on level 2 of the Dungeon.
             The game lasted 00:01:24 (824 turns).

HungrySpirit the Poker (Tengu Abyssal Knight)        Turns: 824, Time: 00:01:25

Health: 0/23       AC:  3    Str: 12    XL:     3   Next: 85%
Magic:  5/5        EV: 14    Int: 17    God:    Lugonu [*.....]
Gold:   19         SH:  0    Dex: 14    Spells: 0 memorised, 2 levels left

rFire  . . .     SeeInvis .     a - +1 spear
rCold  . . .     Gourm    .     b - +0 leather armour
rNeg   . . .     Faith    .     (no shield)
rPois  .         Spirit   .     (helmet restricted)
rElec  .         Reflect  .     (no cloak)
rCorr  .         Harm     .     (no gloves)
MR     .....                    (boots unavailable)
Stlth  +.........               (no amulet)
                                (no ring)
                                g - +2 ring of evasion

@: brilliant, lethally poisoned (0 -> -5)
A: beak, talons 3
a: Depart the Abyss, Renounce Religion


You were on level 2 of the Dungeon.
You worshipped Lugonu.
Lugonu was aware of your devotion.
You were not hungry.

You visited 1 branch of the dungeon, and saw 2 of its levels.
You visited the Abyss 1 time.

You collected 19 gold pieces.

Inventory:

Hand Weapons
 a - a +1 spear (weapon)
Missiles
 e - 2 throwing nets (quivered)
Armour
 b - a +0 leather armour (worn)
Jewellery
 g - a +2 ring of evasion (left hand)
 j - an uncursed ring of flight {unknown}
Scrolls
 i - a scroll of remove curse {unknown}
 k - a scroll of enchant armour {unknown}
 l - a scroll of identify {unknown}
 m - a scroll of magic mapping {unknown}
 o - a scroll of teleportation {unknown}
 p - a scroll of amnesia {unknown}
Potions
 d - a potion of agility {unknown}
 h - a potion of brilliance
Comestibles
 c - 2 bread rations
 f - a meat ration
 n - a chunk of flesh


   Skills:
 + Level 3.5 Fighting
 * Level 3.7 Polearms
 - Level 2.1 Armour
 + Level 1.5 Dodging
 - Level 1.5 Invocations


You had 2 spell levels left.
You didn't know any spells.

Dungeon Overview and Level Annotations

Branches:
Dungeon (2/15)

Altars:


Innate Abilities, Weirdness & Mutations

You have a beak for a mouth.
You have claws for feet.


Message History

The adder barely misses you.
Attack whom?
Press: ? - help, Dir - move target cursor, f/p - adder
Aim: an adder (almost dead)
You barely miss the adder. Your kick misses the adder.
The adder is almost dead.
The adder barely misses you.
Attack whom?
Press: ? - help, Dir - move target cursor, f/p - adder
Aim: an adder (almost dead)
You closely miss the adder. Your kick misses the adder.
Your peck misses the adder.
The adder is almost dead.
The adder bites you.
* * * LOW HITPOINT WARNING * * *
You are lethally poisoned!
The adder poisons you!
It was a potion of brilliance.
You feel clever all of a sudden.
You die...

#.# #....###..#... #.#
#.............. #.#
#.............. #.#
#..............
#)#######.............#
#......................
#...).........†........
#<........##...........
#.........##...@.......
#.........##....S......
#.........##...........
#.........##.$.........
#.........##...........
#.........############.
#.........# #.........#
#.........#


You could see an adder.

Vanquished Creatures
  An adder (D:1)
  2 oozes (D:1)
  3 dart slugs (D:1)
  A leopard gecko (D:2)
  2 giant cockroaches (D:1)
  2 goblins (D:1)
  5 hobgoblins
  2 kobolds
  3 bats (D:1)
  3 frilled lizards (D:1)
  4 rats (D:1)
28 creatures vanquished.

Notes
Turn   | Place    | Note
-------+----------+-------------------------------------------
     0 | Abyss:1  | HungrySpirit the Tengu Abyssal Knight began the quest for the Orb.
     0 | Abyss:1  | Reached XP level 1. HP: 14/14 MP: 3/3
     0 | D:1      | Escaped the Abyss
     9 | D:1      | Reached * piety under Lugonu
    25 | D:1      | Reached XP level 2. HP: 13/19 MP: 4/4
   292 | D:1      | Reached XP level 3. HP: 16/23 MP: 5/5
   823 | D:2      | HP: 1/23 [adder (3)]
   824 | D:2      | Succumbed to an adder's poison

Skill      XL: |  1  2 |
---------------+-------+-----
Polearms       | 3 |  3.7
Fighting       | |  3.5
Armour         | |  2.1
Dodging        | |  1.5
Invocations    | |  1.5

Action                   || total
-------------------------++-------
Melee: Spear             ||    76
       Peck              ||    10
       Kick              ||     9
Invok: Depart the Abyss  ||     1
  Use: Potion            ||     1
 Stab: Distracted        ||     1
Armor: Leather armour    ||     6
Dodge: Dodged            ||    28
